| TOP OF THE 1ST |
|
El Paso Sun Kings batting - Pitching for Dallas-Fort Worth Rangers : LHP Manny Sandate
|
|
Pitching: LHP Manny Sandate
|
|
|
Batting: SHB Keith Thrower
|
0-0: Ball 1-0: Swinging Strike 1-1: Ground out 6-3 (Groundball, 6, EV 110.6 MPH)
|
|
Batting: RHB Danny Ramires
|
0-0: Called Strike 0-1: Fly out, F3 (Line Drive, 3, EV 67.5 MPH)
|
|
Batting: RHB Dionisio DeJesus
|
0-0: Called Strike 0-1: Foul Ball, location: 2F 0-2: Ball 1-2: Strikes out swinging
|
| Top of the 1st over - 0 runs, 0 hits, 0 errors, 0 left on base; El Paso 0 - Dallas-Fort Worth 0 |
| BOTTOM OF THE 1ST |
|
Dallas-Fort Worth Rangers batting - Pitching for El Paso Sun Kings : LHP Calvin Riggar
|
|
Pitching: LHP Calvin Riggar
|
|
|
Batting: RHB Phil Bradley
|
0-0: Ball 1-0: Ball 2-0: Called Strike 2-1: Foul Ball, location: 2F 2-2: Foul Ball, location: 2F 2-2: Foul Ball, location: 2F 2-2: Ball 3-2: Fly out, F8 (Line Drive, 8RD, EV 89.4 MPH)
|
|
Batting: LHB Stan Levi
|
0-0: Ball 1-0: Ground out 5-3 (Groundball, 56, EV 88.1 MPH)
|
|
Batting: RHB Terry Lee
|
0-0: Called Strike 0-1: Swinging Strike 0-2: Ball 1-2: Strikes out swinging
|
| Bottom of the 1st over - 0 runs, 0 hits, 0 errors, 0 left on base; El Paso 0 - Dallas-Fort Worth 0 |
| TOP OF THE 2ND |
|
El Paso Sun Kings batting - Pitching for Dallas-Fort Worth Rangers : LHP Manny Sandate
|
|
Batting: RHB Chuckie Canady
|
0-0: Ball 1-0: Foul Ball, location: 2F 1-1: Ball 2-1: Fly out, F8 (Flyball, 8RXD, EV 74.4 MPH)
|
|
Batting: RHB Mike Anicich
|
0-0: Ball 1-0: Ball 2-0: Called Strike 2-1: Foul Ball, location: 2F 2-2: Ball 3-2: Ground out U3 (Groundball, 23, EV 88.1 MPH)
|
|
Batting: RHB Cecil Strawn
|
0-0: Ball 1-0: Foul Ball, location: 2F 1-1: Called Strike 1-2: Ball 2-2: Strikes out swinging
|
| Top of the 2nd over - 0 runs, 0 hits, 0 errors, 0 left on base; El Paso 0 - Dallas-Fort Worth 0 |
| BOTTOM OF THE 2ND |
|
Dallas-Fort Worth Rangers batting - Pitching for El Paso Sun Kings : LHP Calvin Riggar
|
|
Batting: LHB Sid Bream
|
0-0: Fly out, F7 (Flyball, 7, EV 76.9 MPH)
|
|
Batting: RHB Steve Nicosia
|
0-0: Called Strike 0-1: Called Strike 0-2: Ball 1-2: Foul Ball, location: 2F 1-2: Ball 2-2: SINGLE (Groundball, 4M, EV 88.8 MPH) (infield hit)
|
|
Batting: LHB Mo Ching
|
0-0: Ball 1-0: Ball 2-0: Ball 3-0: Base on Balls Steve Nicosia to second
|
|
Batting: RHB Ross Jones
|
0-0: Called Strike 0-1: Ball 1-1: Ball 2-1: Foul Ball, location: 2F 2-2: Ball 3-2: Foul Ball, location: 2F 3-2: SINGLE (Groundball, 6MD, EV 99.4 MPH) Steve Nicosia to third Mo Ching to second Runner from 3rd tries for Home, SAFE, throw by CF to home Mo Ching to third Ross Jones to second
|
|
Batting: LHB Garcia Gutierrez
|
0-0: Ball 1-0: Foul Ball, location: 2F 1-1: Ball 2-1: Fly out, F2 (Popup, 25F, EV 90.6 MPH)
|
|
Batting: RHB Alex Zermeno
|
0-0: Called Strike 0-1: Swinging Strike 0-2: Ball 1-2: Fly out, F8 (Flyball, 8LD, EV 103.1 MPH)
|
| Bottom of the 2nd over - 1 run, 2 hits, 0 errors, 2 left on base; El Paso 0 - Dallas-Fort Worth 1 |
| TOP OF THE 3RD |
|
El Paso Sun Kings batting - Pitching for Dallas-Fort Worth Rangers : LHP Manny Sandate
|
|
Batting: LHB Kevin Knuth
|
0-0: Ball 1-0: SINGLE (Groundball, 25, EV 70.6 MPH) (infield hit)
|
|
Batting: RHB Carlos Rios
|
0-0: Fly out, F6 (Line Drive, 6, EV 71.9 MPH)
|
|
Batting: SHB Danny Torres
|
0-0: Swinging Strike 0-1: Ball 1-1: Ball 2-1: Called Strike 2-2: SINGLE (Groundball, 56, EV 98.8 MPH) Kevin Knuth to second Kevin Knuth to third
|
|
Batting: SHB Keith Thrower
|
0-0: Ball 1-0: Fielders Choice at 2nd, 4-6 (Groundball, 34, EV 101.9 MPH) Kevin Knuth scores
|
|
Batting: RHB Danny Ramires
|
0-0: Ball Keith Thrower is caught stealing 2nd base 2-4
|
| Top of the 3rd over - 1 run, 2 hits, 0 errors, 0 left on base; El Paso 1 - Dallas-Fort Worth 1 |
| BOTTOM OF THE 3RD |
|
Dallas-Fort Worth Rangers batting - Pitching for El Paso Sun Kings : LHP Calvin Riggar
|
|
Batting: RHB Phil Bradley
|
0-0: Foul Ball, location: 2F 0-1: DOUBLE (Line Drive, 7LM, EV 102.5 MPH)
|
|
Batting: LHB Stan Levi
|
0-0: Ball 1-0: Swinging Strike 1-1: Fly out, F5 (Line Drive, 5, EV 68.8 MPH)
|
|
Batting: RHB Terry Lee
|
0-0: Ball 1-0: Ball 2-0: Ball 3-0: Base on Balls
|
|
Batting: LHB Sid Bream
|
0-0: Ball Phil Bradley steals 3rd base 1-0: Ball Terry Lee is caught stealing 2nd base 2-6 2-0: Ball 3-0: Called Strike 3-1: Base on Balls
|
|
Batting: RHB Steve Nicosia
|
0-0: Ball 1-0: Ball 2-0: Ball 3-0: Called Strike 3-1: Base on Balls Sid Bream to second
|
|
Batting: LHB Mo Ching
|
0-0: Called Strike 0-1: Foul Ball, location: 2F 0-2: Ball 1-2: Ground out U3 (Groundball, 3S, EV 77.5 MPH)
|
| Bottom of the 3rd over - 0 runs, 1 hit, 0 errors, 3 left on base; El Paso 1 - Dallas-Fort Worth 1 |
| TOP OF THE 4TH |
|
El Paso Sun Kings batting - Pitching for Dallas-Fort Worth Rangers : LHP Manny Sandate
|
|
Batting: RHB Danny Ramires
|
0-0: Ball 1-0: Fly out, F9 (Flyball, 9LS, EV 88.8 MPH)
|
|
Batting: RHB Dionisio DeJesus
|
0-0: Called Strike 0-1: Ball 1-1: Ball 2-1: SINGLE (Groundball, 6D, EV 103.8 MPH)
|
|
Batting: RHB Chuckie Canady
|
0-0: Called Strike 0-1: Foul Ball, location: 2F 0-2: Ball 1-2: Strikes out swinging
|
|
Batting: RHB Mike Anicich
|
0-0: Foul Ball, location: 2F 0-1: Ball 1-1: Swinging Strike 1-2: Ball 2-2: Strikes out swinging
|
| Top of the 4th over - 0 runs, 1 hit, 0 errors, 1 left on base; El Paso 1 - Dallas-Fort Worth 1 |
| BOTTOM OF THE 4TH |
|
Dallas-Fort Worth Rangers batting - Pitching for El Paso Sun Kings : LHP Calvin Riggar
|
|
Batting: RHB Ross Jones
|
0-0: Ball 1-0: Called Strike 1-1: Foul Ball, location: 2F 1-2: Ball 2-2: Ball 3-2: Base on Balls
|
|
Batting: LHB Garcia Gutierrez
|
0-0: Ball 1-0: Ground out 6-3 (Groundball, 6M, EV 85.0 MPH) Ross Jones to second
|
|
Batting: RHB Alex Zermeno
|
0-0: Called Strike 0-1: Ground out 5-3 (Groundball, 5, EV 76.3 MPH)
|
|
Batting: RHB Phil Bradley
|
0-0: Called Strike 0-1: Ball 1-1: SINGLE (Groundball, 34S, EV 68.1 MPH) (infield hit) Ross Jones to third
|
|
Batting: LHB Stan Levi
|
0-0: Ball 1-0: Foul Ball, location: 2F 1-1: Ball 2-1: Called Strike 2-2: Foul Ball, location: 2F 2-2: Strikes out swinging
|
| Bottom of the 4th over - 0 runs, 1 hit, 0 errors, 2 left on base; El Paso 1 - Dallas-Fort Worth 1 |
| TOP OF THE 5TH |
|
El Paso Sun Kings batting - Pitching for Dallas-Fort Worth Rangers : LHP Manny Sandate
|
|
Batting: RHB Cecil Strawn
|
0-0: Called Strike 0-1: Foul Ball, location: 2F 0-2: Strikes out swinging, 2-3 out at first.
|
|
Batting: LHB Kevin Knuth
|
0-0: Ball 1-0: Ground out 3-1 (Groundball, 34, EV 101.9 MPH)
|
|
Batting: RHB Carlos Rios
|
0-0: Ball 1-0: Ball 2-0: Foul Ball, location: 2F 2-1: Swinging Strike 2-2: Foul Ball, location: 2F 2-2: Foul Ball, location: 2F 2-2: Strikes out swinging
|
| Top of the 5th over - 0 runs, 0 hits, 0 errors, 0 left on base; El Paso 1 - Dallas-Fort Worth 1 |
| BOTTOM OF THE 5TH |
|
Dallas-Fort Worth Rangers batting - Pitching for El Paso Sun Kings : LHP Calvin Riggar
|
|
Batting: RHB Terry Lee
|
0-0: Ball 1-0: Ball 2-0: Ball 3-0: Base on Balls
|
|
Batting: LHB Sid Bream
|
0-0: Called Strike 0-1: Grounds out, U3 (Groundball, 3L, EV 85.0 MPH)
|
|
Batting: RHB Steve Nicosia
|
0-0: Ball 1-0: Ball 2-0: Ball 3-0: Base on Balls
|
|
Batting: LHB Mo Ching
|
0-0: Ball 1-0: Called Strike 1-1: Fly out, F8 (Flyball, 8RD, EV 105.6 MPH)
|
|
Batting: RHB Ross Jones
|
0-0: Ball 1-0: Ball 2-0: Ground out 4-3 (Groundball, 4, EV 103.1 MPH)
|
| Bottom of the 5th over - 0 runs, 0 hits, 0 errors, 2 left on base; El Paso 1 - Dallas-Fort Worth 1 |
| TOP OF THE 6TH |
|
El Paso Sun Kings batting - Pitching for Dallas-Fort Worth Rangers : LHP Manny Sandate
|
|
Batting: SHB Danny Torres
|
0-0: Swinging Strike 0-1: Ground out 6-3 (Groundball, 6, EV 91.3 MPH)
|
|
Batting: SHB Keith Thrower
|
0-0: Ball 1-0: Ball 2-0: Ball 3-0: Foul Ball, location: 2F 3-1: SINGLE (Groundball, 4M, EV 81.3 MPH) (infield hit)
|
|
Batting: RHB Danny Ramires
|
0-0: Ball Wild Pitch! Keith Thrower to second 1-0: Called Strike 1-1: Ball 2-1: Swinging Strike 2-2: Foul Ball, location: 2F 2-2: Ball 3-2: Base on Balls
|
|
Batting: RHB Dionisio DeJesus
|
0-0: Ball Keith Thrower steals 3rd base 1-0: Called Strike 1-1: Ball 2-1: Swinging Strike 2-2: Ball 3-2: Foul Ball, location: 2F 3-2: Base on Balls Danny Ramires to second
|
|
Batting: RHB Chuckie Canady
|
0-0: Ball 1-0: Called Strike 1-1: Swinging Strike 1-2: Strikes out swinging
|
|
Batting: RHB Mike Anicich
|
0-0: Foul Ball, location: 2F 0-1: Fielders Choice at 2nd, 6-4 (Groundball, 6, EV 109.4 MPH)
|
| Top of the 6th over - 0 runs, 1 hit, 0 errors, 3 left on base; El Paso 1 - Dallas-Fort Worth 1 |
| BOTTOM OF THE 6TH |
|
Dallas-Fort Worth Rangers batting - Pitching for El Paso Sun Kings : LHP Calvin Riggar
|
|
Batting: LHB Garcia Gutierrez
|
0-0: Ball 1-0: Ball 2-0: Fly out, F7 (Flyball, 7LM, EV 91.9 MPH)
|
|
Batting: RHB Alex Zermeno
|
0-0: Foul Ball, location: 2F 0-1: SINGLE (Line Drive, 4MD, EV 100.0 MPH)
|
|
Batting: RHB Phil Bradley
|
0-0: Ball 1-0: Fielders Choice at 2nd, 5-4 (Groundball, 56, EV 84.4 MPH)
|
|
Batting: LHB Stan Levi
|
0-0: Ball 1-0: Ball Phil Bradley steals 2nd base 2-0: Ground out 5-3 (Groundball, 5, EV 86.9 MPH)
|
| Bottom of the 6th over - 0 runs, 1 hit, 0 errors, 1 left on base; El Paso 1 - Dallas-Fort Worth 1 |
| TOP OF THE 7TH |
|
El Paso Sun Kings batting - Pitching for Dallas-Fort Worth Rangers : LHP Manny Sandate
|
|
Batting: RHB Cecil Strawn
|
0-0: Ball 1-0: Called Strike 1-1: Ball 2-1: Foul Ball, location: 2F 2-2: Ball 3-2: Base on Balls
|
|
Batting: LHB Kevin Knuth
|
0-0: Ball 1-0: Bunted foul 1-1: Sac Bunt to 13S - play at first, batter OUT! 1-4 Cecil Strawn to second
|
|
Batting: RHB Carlos Rios
|
0-0: Ball 1-0: Ball 2-0: Called Strike 2-1: Ball 3-1: Called Strike 3-2: Base on Balls
|
|
Batting: SHB Danny Torres
|
0-0: Ball 1-0: Swinging Strike 1-1: Ball 2-1: Ball 3-1: Base on Balls Cecil Strawn to third Carlos Rios to second
|
|
Batting: SHB Keith Thrower
|
0-0: SINGLE (Groundball, 4MD, EV 100.0 MPH) Cecil Strawn scores Carlos Rios to third Danny Torres to second
|
|
Batting: RHB Danny Ramires
|
0-0: Foul Ball, location: 2F 0-1: Fly out, F9 (Line Drive, 9, EV 92.5 MPH)
|
|
Pitching: RHP Randy McGilberry
|
|
|
Batting: RHB Dionisio DeJesus
|
0-0: Ball 1-0: Ball 2-0: Called Strike 2-1: Foul Ball, location: 2F 2-2: Strikes out swinging
|
| Top of the 7th over - 1 run, 1 hit, 0 errors, 3 left on base; El Paso 2 - Dallas-Fort Worth 1 |
| BOTTOM OF THE 7TH |
|
Dallas-Fort Worth Rangers batting - Pitching for El Paso Sun Kings : LHP Calvin Riggar
|
|
Batting: RHB Terry Lee
|
0-0: Ball 1-0: Called Strike 1-1: Swinging Strike 1-2: Strikes out swinging
|
|
Batting: LHB Sid Bream
|
0-0: Ground out 4-3 (Groundball, 4, EV 101.9 MPH)
|
|
Batting: RHB Steve Nicosia
|
0-0: Ball 1-0: Called Strike 1-1: Ball 2-1: Ball 3-1: Base on Balls
|
|
Batting: RHB Eric Hyatt
|
0-0: Foul Ball, location: 2F 0-1: Ball 1-1: Foul Ball, location: 2F 1-2: Foul Ball, location: 2F 1-2: Fly out, F4 (Line Drive, 4, EV 76.3 MPH)
|
| Bottom of the 7th over - 0 runs, 0 hits, 0 errors, 1 left on base; El Paso 2 - Dallas-Fort Worth 1 |
| TOP OF THE 8TH |
|
El Paso Sun Kings batting - Pitching for Dallas-Fort Worth Rangers : RHP Randy McGilberry
|
|
Batting: RHB Chuckie Canady
|
0-0: Ball 1-0: Called Strike 1-1: Fly out, F4 (Popup, 4M, EV 57.5 MPH)
|
|
Batting: RHB Mike Anicich
|
0-0: Ball 1-0: Fly out, F4 (Popup, 34D, EV 43.1 MPH)
|
|
Batting: RHB Cecil Strawn
|
0-0: Foul Ball, location: 2F 0-1: Foul Ball, location: 2F 0-2: Strikes out swinging
|
| Top of the 8th over - 0 runs, 0 hits, 0 errors, 0 left on base; El Paso 2 - Dallas-Fort Worth 1 |
| BOTTOM OF THE 8TH |
|
Dallas-Fort Worth Rangers batting - Pitching for El Paso Sun Kings : LHP Calvin Riggar
|
|
Batting: RHB Ross Jones
|
0-0: SINGLE (Line Drive, 9LS, EV 91.9 MPH)
|
|
Batting: LHB Garcia Gutierrez
|
0-0: Ball 1-0: Bunt missed! 1-1: Sac Bunt to 2L - play at first, batter OUT! 2-4 Ross Jones to second
|
|
Pinch Hitting: RHB Jesse Plummer
|
0-0: Ball 1-0: Called Strike 1-1: Ball 2-1: Ball 3-1: Foul Ball, location: 2F 3-2: Base on Balls
|
|
Batting: RHB Phil Bradley
|
0-0: Ball 1-0: Swinging Strike 1-1: Ball 2-1: Fly out, F9 (Flyball, 9D, EV 102.5 MPH) Runner from 2nd tags up, SAFE at 3rd, no throw by RF
|
|
Pinch Hitting: RHB Dave Aponte
|
0-0: Foul Ball, location: 2F 0-1: Fly out, F7 (Flyball, 7LM, EV 96.3 MPH)
|
| Bottom of the 8th over - 0 runs, 1 hit, 0 errors, 2 left on base; El Paso 2 - Dallas-Fort Worth 1 |
| TOP OF THE 9TH |
|
El Paso Sun Kings batting - Pitching for Dallas-Fort Worth Rangers : RHP Randy McGilberry
|
|
Now at 3B: Dave Aponte
|
|
|
Now in LF: Eski Viltz
|
|
|
Batting: LHB Kevin Knuth
|
0-0: Ball 1-0: Called Strike 1-1: Swinging Strike 1-2: Foul Ball, location: 2F 1-2: Strikes out swinging
|
|
Batting: RHB Carlos Rios
|
0-0: Called Strike 0-1: Ball 1-1: Ball 2-1: Ball 3-1: SINGLE (Groundball, 6MD, EV 100.0 MPH)
|
|
Batting: SHB Danny Torres
|
0-0: Called Strike Carlos Rios steals 2nd base 0-1: Ball 1-1: Swinging Strike 1-2: Ball 2-2: DOUBLE (Line Drive, 9LS, EV 109.4 MPH) Carlos Rios scores
|
|
Batting: SHB Keith Thrower
|
0-0: Intentional Walk
|
|
Batting: RHB Danny Ramires
|
0-0: Grounds into double play, 4-6-3 (Groundball, 4, EV 104.4 MPH)
|
| Top of the 9th over - 1 run, 2 hits, 0 errors, 1 left on base; El Paso 3 - Dallas-Fort Worth 1 |
| BOTTOM OF THE 9TH |
|
Dallas-Fort Worth Rangers batting - Pitching for El Paso Sun Kings : LHP Calvin Riggar
|
|
Pitching: RHP Kevin Keene
|
|
|
Batting: RHB Terry Lee
|
0-0: Called Strike 0-1: Ball 1-1: Called Strike 1-2: Ball 2-2: Fly out, F8 (Flyball, 8LD, EV 80.6 MPH)
|
|
Batting: LHB Sid Bream
|
0-0: Fly out, F8 (Flyball, 8LS, EV 79.4 MPH)
|
|
Batting: RHB Steve Nicosia
|
0-0: Ball 1-0: Ball 2-0: Ball 3-0: Base on Balls
|
|
Batting: LHB Daryl Fazzio
|
0-0: Foul Ball, location: 2F 0-1: Ball 1-1: Ball 2-1: Ball 3-1: Base on Balls Steve Nicosia to second
|
|
Batting: RHB Ross Jones
|
0-0: Swinging Strike 0-1: Swinging Strike 0-2: Foul Ball, location: 2F 0-2: Ball 1-2: Ball 2-2: Strikes out swinging
|
| Bottom of the 9th over - 0 runs, 0 hits, 0 errors, 2 left on base; El Paso 3 - Dallas-Fort Worth 1 |
|